 Dungeon Crawl Stone Soup version 0.25.0-46-gbd7b0854d2 (webtiles) character file.

Game seed: 9282815624299536402

257 Fascinator the Skirmisher (level 5, -12/43 HPs)
             Began as a Demonspawn Fighter on July 15, 2020.
             Killed by divine providence
             ... invoked by an orc priest
              (13 damage)
             ... on level 3 of the Dungeon.
             The game lasted 00:06:07 (3357 turns).

Fascinator the Skirmisher (Demonspawn Fighter)      Turns: 3357, Time: 00:06:07

Health: -12/43     AC: 10    Str: 17    XL:     5   Next: 93%
Magic:  5/5        EV:  8    Int:  9    God:
Gold:   115        SH:  9    Dex: 13    Spells: 4/4 levels left

rFire    . . .     SeeInvis .   a - +0 war axe
rCold    . . .     Gourm    .   c - +0 kite shield
rNeg     . . .     Faith    .   b - +0 scale mail
rPois    .         Spirit   .   j - +1 helmet
rElec    .         Reflect  .   (no cloak)
rCorr    +         Harm     .   (no gloves)
MR       +....                  (no boots)
Stlth    ..........             (no amulet)
HPRegen  0.14/turn              g - ring of resist corrosion
MPRegen  0.09/turn              n - ring of protection from magic

@: no status effects
A: talons 1, rugged brown scales 1
a: no special abilities


You were on level 3 of the Dungeon.
You were not hungry.

You visited 1 branch of the dungeon, and saw 3 of its levels.

You collected 115 gold pieces.

Inventory:

Hand Weapons
 a - a +0 war axe (weapon)
Armour
 b - a +0 scale mail (worn)
 c - a +0 kite shield (worn)
 j - a +1 helmet (worn)
Jewellery
 g - a ring of resist corrosion (left hand)
 n - a ring of protection from magic (right hand)
Wands
 o - a wand of digging (6)
Scrolls
 e - a scroll of blinking {unknown}
 h - a scroll of magic mapping {unknown}
 i - 3 scrolls of identify {unknown}
Potions
 d - a potion of might
 k - a potion of ambrosia {unknown}
 l - a potion of magic {unknown}
 m - 3 potions of mutation {unknown}
 q - a potion of curing {unknown}
Comestibles
 f - 7 rations
 p - 2 chunks of flesh


   Skills:
 + Level 4.2 Fighting
 - Level 1.7 Axes
 + Level 4.1 Armour
 + Level 1.6 Dodging
 + Level 4.0 Shields


You had 4 spell levels left.
You didn't know any spells.
Your spell library was empty.

Dungeon Overview and Level Annotations

Branches:
Dungeon (3/15)

Altars:


Innate Abilities, Weirdness & Mutations

You have sharp toenails.
You are partially covered in rugged brown scales. (AC +1, +3% HP)


Message History

The orc priest is lightly wounded.
You barely miss the orc. You closely miss the orc.
The orc priest looks encouraged for a moment.
The orc hits you but does no damage.
The orc curses loudly.
The orc hits you with a +0 trident.
* * * LOW HITPOINT WARNING * * *
A worm comes into view.
The orc priest barely misses you. You block the orc's attack.
You hit the orc priest.
The orc priest is heavily wounded.
You closely miss the orc. You hit the orc but do no damage.
The orc hits you with a +0 trident.
* * * LOW HITPOINT WARNING * * *
The orc priest hits you.
* * * LOW HITPOINT WARNING * * *
The orc hits you but does no damage.
The orc priest invokes the aid of Beogh against you.
Beogh smites you!
You die...

### #.. #.# ###### #.#
#....# #####.# #....#
#.....##########....##
#...o>................
#...)@................
#...oo#######.########
#.....# #.# #...^.#
#.# .w.....# #.#
....##.## #.# .... #.
#.# ###### ... .. #..
...... ######


You could see a worm, an orc priest and 2 orcs.

Vanquished Creatures
  Jessica (D:3)
  Natasha (thrice) (D:2)
  An iguana (D:3)
  3 adders
  A howler monkey skeleton (D:3)
  An ooze (D:2)
  3 worms
  3 dart slugs
  2 leopard geckos
  2 orcs (D:3)
  4 giant cockroaches
  8 goblins
  9 hobgoblins
  6 jackals (D:1)
  8 kobolds
  A ball python (D:1)
  4 bats
  9 frilled lizards
  6 rats
75 creatures vanquished.

Notes
Turn   | Place    | Note
-------+----------+-------------------------------------------
     0 | D:1      | Fascinator the Demonspawn Fighter began the quest for the
                  | Orb.
     0 | D:1      | Reached XP level 1. HP: 18/18 MP: 1/1
    99 | D:1      | Gained mutation: You are partially covered in rugged brown
                  | scales. (AC +1, +3% HP) [demonic ancestry]
    99 | D:1      | Reached XP level 2. HP: 16/24 MP: 2/2
   836 | D:1      | Gained mutation: You have sharp toenails. [demonic
                  | ancestry]
   836 | D:1      | Reached XP level 3. HP: 28/29 MP: 3/3
  1197 | D:2      | Noticed Natasha
  1214 | D:2      | Killed Natasha
  1237 | D:2      | Noticed Natasha
  1253 | D:2      | Killed Natasha
  1253 | D:2      | Reached XP level 4. HP: 5/37 MP: 4/4
  1317 | D:2      | Noticed Natasha
  1334 | D:2      | Killed Natasha
  1334 | D:2      | Reached skill level 1 in Dodging
  1974 | D:2      | Reached XP level 5. HP: 43/43 MP: 5/5
  2504 | D:3      | Noticed Jessica
  2523 | D:3      | Killed Jessica
  3357 | D:3      | HP: 1/43 [orc priest (4)]
  3357 | D:3      | Killed from afar by an orc priest

Illustrated notes

Levels and vault maps discovered:
D:1:      dpeg_arrival_tiny_c, layout_loops_corners
D:2:      layout_basic, hex_medium, uniq_natasha
D:3:      layout_basic, gup_sewer_entry_spiral, uniq_crazy_yiuf_cottage,
          uniq_jessica

Skill      XL: |  1  2  3  4  5 |
---------------+----------------+-----
Armour         | 3 4 |  4.1
Shields        | 3 4 |  4.0
Dodging        | 1 |  1.6
Fighting       | 4 |  4.2
Axes           | |  1.7

Action                   |  1- 3 |  4- 6 || total
-------------------------+-------+-------++-------
Melee: War axe           |   120 |   130 ||   250
       Kick              |    18 |    16 ||    34
  Use: Potion            |       |     1 ||     1
  Eat: Chunk             |     1 |     7 ||     8
Armor: Scale mail        |    56 |    64 ||   120
Dodge: Dodged            |    38 |    42 ||    80
Block: Kite shield       |    65 |    80 ||   145
